 Dungeon Crawl Stone Soup version 0.30-a0-930-gb9d0489357 (webtiles) character file.

Game seed: 17571507383063224186

341 Flugkiller the Chiller (level 6, -3/28 HPs)
             Began as a Felid Cinder Acolyte on Mar 23, 2023.
             Was a High Priest of Ignis.
             Hit by a javelin thrown by a gnoll (6 damage)
             ... led by a gnoll bouda
             ... on level 3 of the Dungeon.
             The game lasted 00:05:16 (2986 turns).

Flugkiller the Chiller (Felid Cinder Acolyte)       Turns: 2986, Time: 00:05:17

Health: -3/28      AC:  2    Str: 10    XL:     6   Next: 30%
Magic:  0/11       EV: 15    Int: 15    God:    Ignis [*****.]
Gold:   204        SH:  0    Dex: 14    Spells: 9/11 levels left
                                        Lives:  0   Deaths: 1

rFire   + + .      SeeInvis +      - Unarmed
rCold   x . .      Faith    .    (shield unavailable)
rNeg    . . .      Spirit   +    (body armour unavailable)
rPois   .          Reflect  .    (helmet unavailable)
rElec   .          Rampage  .    (cloak unavailable)
rCorr   .                        (gloves unavailable)
Will    .....                    (boots unavailable)
Stlth   +                        k - amulet of guardian spirit
HPRegen 0.24/turn                e - ring of fire
MPRegen 0.12/turn                (no ring)

@: lethally poisoned (-3 -> -10), quick
A: very small, claws 1, fangs 3, see invisible, speed 1, shaggy fur 2, stealthy
paws, no weapons or thrown items, no armour, multi-lived
a: Renounce Religion, Fiery Armour, Foxfire Swarm, Rising Flame


You were on level 3 of the Dungeon.
You worshipped Ignis.
Ignis was extremely pleased with you.
You visited 1 branch of the dungeon, and saw 6 of its levels.

You collected 204 gold pieces.

Inventory:

Jewellery
 e - a ring of fire (left paw)
   (You found it on level 1 of the Dungeon)
 k - an amulet of guardian spirit (around neck)
   (You found it on level 2 of the Dungeon)
Wands
 i - a wand of mindburst (4)
   (You found it on level 2 of the Dungeon)
 o - a wand of polymorph (10)
   (You took it off Grinder on level 3 of the Dungeon)
 r - a wand of digging (4)
   (You found it on level 3 of the Dungeon)
Scrolls
 a - a scroll of vulnerability {unknown}
 c - a scroll of poison
 d - a scroll of amnesia {unknown}
 j - a scroll of brand weapon {unknown}
 l - a scroll of noise {unknown}
 p - 2 scrolls of identify {unknown}
 q - a scroll of enchant armour {unknown}
 s - a scroll of torment {unknown}
 z - 3 scrolls of blinking
Potions
 b - a potion of attraction
 f - a potion of invisibility {unknown}
 g - a potion of flight {unknown}
 h - a potion of curing {unknown}
 m - a potion of heal wounds {unknown}
 n - a potion of degeneration


   Skills:
 - Level 4.0 Fighting
 - Level 4.0 Unarmed Combat
 - Level 3.0 Spellcasting
 - Level 4.0 Fire Magic
 + Level 4.1 Ice Magic


You had 9 spell levels left.
You knew the following spells:

 Your Spells              Type           Power      Damage    Failure   Level
a - Scorch                Fire           42%        2d7       6%          2

Your spell library contained the following spells:

 Spells                   Type           Power      Damage    Failure   Level
 Freeze                   Ice            56%        1d7       3%          1
 Frozen Ramparts          Ice            28%        1d5       11%         3
 Magic Dart               Conj           8%         1d3       21%         1
 Hailstorm                Conj/Ice       8%         3d4       26%         3
 Call Imp                 Summ           2%         N/A       30%         2
 Mephitic Cloud           Conj/Pois/Air  2%         N/A       52%         3
 Vhi's Electric Charge    Tloc/Air       4%         N/A       52%         3
 Arcjolt                  Conj/Air       1%         1d11      99%         5
 Maxwell's Capacitive Co  Air            1%         ∞         100%        8


Dungeon Overview and Level Annotations

Branches:
Dungeon (6/15) Zot: 26867  Temple (0/1) D:5

Altars:
Makhleb


Innate Abilities, Weirdness & Mutations

You have sharp claws.
You have razor-sharp teeth.
You have supernaturally acute eyesight. (SInv)
You cover ground quickly. (Speed+)
You are covered in thick fur. (AC +2)
Your paws help you pounce on unaware monsters.
You are incapable of wielding weapons or throwing items.
You cannot wear armour.
You gain extra lives every three experience levels.


Message History

* * * LOW HITPOINT WARNING * * *
You feel very sick.
The scorpion stings you but does no damage.
Aiming: Mindburst
Press: ? - help, Shift-Dir - straight line, f/p - scorpion
Aim: a scorpion (severely wounded, more vulnerable to fire, chance to affect: 64%)
The scorpion struggles to resist.
You die...
You feel very sick.
The scorpion stings you but does no damage.
You are now level 5!
You rejoin the land of the living...
A ball python comes into view.
Casting: Scorch (safe; 6% risk of failure)
Confirm with . or Enter, or press ? or * to list all spells.
You feel a surge of power!
Flames lash the ball python.
You kill the ball python!
Magic restored.
Casting: Scorch (safe; 6% risk of failure)
Confirm with . or Enter, or press ? or * to list all spells.
You feel a surge of power!
Flames lash the scorpion but do no damage.
The scorpion barely misses you. The scorpion stings you!
Casting: Scorch (safe; 6% risk of failure)
Confirm with . or Enter, or press ? or * to list all spells.
You feel a surge of power!
Flames lash the scorpion.
You kill the scorpion!
Welcome back to level 6!
You see here a scorpion corpse.
You start resting.
HP restored.
You start resting.
Magic restored.
(D) Dungeon (T) Temple
Where to? (Enter - D:3 @ (x,y), ? - help)
There is a stone staircase leading down here.
You climb downwards.
The gnoll misses you.
There is a stone staircase leading up here.
There are monsters nearby!
Unknown command.
Casting: Scorch (safe; 6% risk of failure)
Confirm with . or Enter, or press ? or * to list all spells.
You feel a surge of power!
Flames lash the gnoll.
The gnoll is heavily wounded.
The gnoll's fire resistance burns away.
The gnoll closely misses you. The gnoll misses you.
You climb upwards.
There is a stone staircase leading down here.
Casting: Scorch (safe; 6% risk of failure)
Confirm with . or Enter, or press ? or * to list all spells.
You feel a surge of power!
Flames lash the gnoll.
The gnoll is burned terribly!
You kill the gnoll!
Casting: Scorch (safe; 6% risk of failure)
Confirm with . or Enter, or press ? or * to list all spells.
You can't see any susceptible monsters within range! (Use Z to cast anyway.)
Things that are here:
a +0 flail; a gnoll corpse
There is a stone staircase leading down here.
You can't go down here!
There is a stone staircase leading down here.
You start resting.
Magic restored.
You climb downwards.
There is a stone staircase leading up here.
Casting: Scorch (safe; 6% risk of failure)
Confirm with . or Enter, or press ? or * to list all spells.
You feel a surge of power!
Flames lash the orc priest.
The orc priest is heavily wounded.
The orc priest's fire resistance burns away.
Casting: Scorch (safe; 6% risk of failure)
Confirm with . or Enter, or press ? or * to list all spells.
You feel a surge of power!
Flames lash the orc priest.
The orc priest is burned terribly!
You kill the orc priest!
Your Ice Magic skill increases to level 4!
Casting: Scorch (safe; 6% risk of failure)
Confirm with . or Enter, or press ? or * to list all spells.
You feel a surge of power!
Flames lash the gnoll.
The gnoll is heavily wounded.
The gnoll's fire resistance burns away.
The gnoll throws a javelin.
The javelin pierces through you!
Casting: Scorch (safe; 6% risk of failure)
Confirm with . or Enter, or press ? or * to list all spells.
You feel a surge of power!
Flames lash the gnoll.
The gnoll is burned terribly!
The gnoll is almost dead.
The orc throws a boomerang.
The boomerang barely misses you.
Casting: Scorch (safe; 6% risk of failure)
Confirm with . or Enter, or press ? or * to list all spells.
You don't have enough magic to cast this spell.
The gnoll hits you with a +2 flail of venom!
You are lethally poisoned!
The gnoll closely misses you.
The orc throws a boomerang.
The boomerang misses you.
You climb upwards.
* * * LOW HITPOINT WARNING * * *
You feel very sick.
There is a stone staircase leading down here.
* * * LOW HITPOINT WARNING * * *
You feel sick.
The gnoll throws a javelin.
The javelin pierces through you.
You die...

....#########.#
....##.....##.#
....##.....##.####
..####.....##....######
..# #......#.........#
..# #......#.†.......#
..####......#...g)....#
................>.....#
........###.#...@######
##.....####.####.#
.#<....# #.....#.#
.#.....# #.....#.####
.#.....# #.....#'#..#
.#.....###....##.##.#####
.#...........##...##....#
##.....###..##.....##.#.#
†......<........⌠...'.#.#


You could see a gnoll (combustible).

Vanquished Creatures
  Grinder (D:3)
  A phantom (D:3)
  A scorpion (D:3)
  A hound (D:5)
  An orc priest (D:4)
  A gnoll bouda (D:4)
  A gnoll (D:3)
  7 adders
  2 dart slugs
  An orc (D:4)
  5 ball pythons
  7 endoplasms
  5 giant cockroaches
  7 hobgoblins
  7 kobolds
  5 quokkas
  7 bats
  4 frilled lizards
  7 goblins
  9 rats
80 creatures vanquished.

Notes
Turn   | Place    | Note
-------+----------+-------------------------------------------
     0 | D:1      | Flugkiller the Felid Cinder Acolyte began the quest for the
                  | Orb.
     0 | D:1      | Reached XP level 1. HP: 10/10 MP: 3/3
   110 | D:1      | Found a faded altar of an unknown god.
   206 | D:1      | Reached XP level 2. HP: 14/14 MP: 4/4
   453 | D:1      | Learned a level 2 spell: Scorch
   778 | D:2      | Reached XP level 3. HP: 17/17 MP: 6/6
  1219 | D:2      | Reached XP level 4. HP: 21/21 MP: 4/8
  1820 | D:3      | Noticed a phantom
  1835 | D:3      | Killed a phantom
  1836 | D:3      | Reached XP level 5. HP: 25/25 MP: 1/10
  1837 | D:3      | Noticed Grinder
  1870 | D:3      | Paralysed by Grinder for 3 turns
  1874 | D:3      | Killed Grinder
  1875 | D:3      | Gained mutation: You are covered in thick fur. (AC +2)
                  | [Felid growth]
  1875 | D:3      | Reached XP level 6. HP: 28/28 MP: 5/11
  2065 | D:3      | Found a burning altar of Makhleb.
  2230 | D:3      | You fall into a shaft and drop 3 floors!
  2239 | D:5      | Entered Level 5 of the Dungeon
  2276 | D:5      | Found a staircase to the Ecumenical Temple.
  2847 | D:3      | Succumbed to a scorpion's poison
  2848 | D:3      | Reached XP level 5. HP: -1/25 MP: 0/10
  2868 | D:3      | Reached XP level 6. HP: 23/28 MP: 4/11
  2986 | D:3      | Hit by a javelin thrown by a gnoll

Illustrated notes

Levels and vault maps discovered:
D:1:      sevenhm_arrival_forest_fort_small_3, layout_basic,
          ebering_ecumenical_altar_rust, kennysheep_nondescript
D:2:      layout_basic
D:3:      layout_basic, mainiacjoe_overflow_cross_hatched, grunt_ministairs_15,
          minmay_vboxes, uniq_grinder
D:4:      layout_loops_ring, nicolae_dithmenos_through_a_glass_darkly,
          amcnicky_altar_gilded, lemuel_mausoleum_altar_kikubaaqudgha
D:5:      layout_basic, minmay_temple_entry_slanted, minmay_misc_feat_iff,
          lightli_corner_chamber, uniq_eustachio, uniq_ijyb
D:6:      layout_loops_ring, gammafunk_temple_overflow_pools,
          lemuel_crystal_altar, led_xom_imps

Skill      XL: |  1  2  3  4  5  6 |
---------------+-------------------+-----
Fire Magic     | 3 4 |  4.0
Spellcasting   | 2 3 |  3.0
Fighting       | 4 |  4.0
Unarmed Combat | 4 |  4.0
Ice Magic      | 2 4 |  4.1

Action                     |  1- 3 |  4- 6 || total
---------------------------+-------+-------++-------
  Melee: Unarmed           |    81 |    18 ||    99
         Bite              |     3 |       ||     3
         Punch             |     3 |       ||     3
   Cast: Scorch            |    17 |    55 ||    72
  Evoke: Wand              |       |     8 ||     8
    Use: Scroll            |     1 |     2 ||     3
         Potion            |       |     2 ||     2
   Stab: Sleeping          |       |     1 ||     1
 Armour: Skin              |     6 |     2 ||     8
  Dodge: Dodged            |    64 |    30 ||    94

Table legend: (Time is in decaauts)
 A = Elapsed time spent in this place.
 B = Non-inter-level travel time spent in this place.
 C = Inter-level travel time spent in this place.
 D = Time resting spent in this place.
 E = Time spent auto-exploring this place.
 F = Levels seen in this place.
 G = Mean time per level.
                   A        B        C        D        E       F      G
               +--------+--------+--------+--------+--------+-----+--------+
         Total |   2534 |   2416 |    118 |    462 |   1335 |   6 |  422.3 |
       Dungeon |   2534 |   2416 |    118 |    462 |   1335 |   6 |  422.3 |
               +--------+--------+--------+--------+--------+-----+--------+

Top non-repeatable levels by time:
     D:3: 1075 daAuts
     D:2: 639 daAuts
     D:1: 636 daAuts
     D:4: 128 daAuts
     D:5: 47 daAuts
     D:6: 7 daAuts
